 Dungeon Crawl Stone Soup version 0.28-a0-1087-gf3fc490d9d (webtiles) character file.

Game seed: 12354527156803957568

67 spaghetti the Ruffian (level 3, 0/29 HPs)
             Began as a Mummy Chaos Knight on Dec 10, 2021.
             Was a Plaything of Xom.
             Slain by a spriggan (shapeshifter) (10 damage)
             ... on level 8 of the Dungeon.
             The game lasted 00:08:06 (3850 turns).

spaghetti the Ruffian (Mummy Chaos Knight)          Turns: 3850, Time: 00:08:08

Health: 0/29       AC:  6    Str: 17      XL:     3   Next: 98%
Magic:  3/3        EV: 11    Int: 11      God:    Xom [....*.]
Gold:   123        SH:  0    Dex:  5 (11) Spells: 2/2 levels left

rFire   x . .      SeeInvis .     - Unarmed
rCold   + . .      Faith    .   (no shield)
rNeg    + + +      Spirit   .   a - +2 leather armour
rPois   ∞          Reflect  .   l - +0 helmet
rElec   .          Harm     .   (no cloak)
rCorr   .          Rampage  .   (no gloves)
Will    .....                   (no boots)
Stlth   +.........              (no amulet)
HPRegen 0.09/turn               (no ring)
MPRegen 0.08/turn               (no ring)

@: marked
A: cold resistance 1, negative energy resistance 3, torment resistance 2, heat
vulnerability 1, no potions
a: Renounce Religion


You were on level 8 of the Dungeon.
You worshipped Xom.
You were a beloved toy of Xom.
You visited 1 branch of the dungeon, and saw 8 of its levels.

You collected 123 gold pieces.


Innate Abilities, Weirdness & Mutations

You are immune to poison.
Your flesh is cold resistant. (rC+)
You are immune to negative energy. (rN+++)
You are immune to unholy pain and torment.
You are vulnerable to heat. (rF-)
You do not drink.


   Skills:
 - Level 3.0 Fighting
 - Level 1.5 Armour
 - Level 0.7 Dodging
 + Level 4.0 Unarmed Combat


You had 2 spell levels left.
You didn't know any spells.
Your spell library was empty.

Inventory:

Hand Weapons
 f - a +0 short sword {short}
   (You took it off a kobold on level 1 of the Dungeon)
 g - a +0 short sword {short}
   (You took it off a kobold on level 1 of the Dungeon)
Missiles
 k - 17 stones (quivered) {throwing}
 m - 40 arrows
Armour
 a - a +2 leather armour (worn)
 l - a +0 helmet (worn)
   (You found it on level 3 of the Dungeon)
Jewellery
 c - a +6 ring of dexterity
   (You found it on level 8 of the Dungeon)
Scrolls
 b - 2 scrolls of identify {@r1}
 d - a scroll of enchant armour
 e - 2 scrolls of immolation {!r!r}

Dungeon Overview and Level Annotations

Branches:
Dungeon (9/15)
 Temple: D:4-7         Lair: D:8-11         Orc: D:9-12

Altars:

Shops:
D:1 !   D:2 (   D:8 *

Annotations:
D:8 3 runed translucent doors, ThanksArdit's ghost, novice MiGl
D:9 Maggie

### ######## ...
##@.....### .##
###.i.....#.### .8#
#......[......## .##
####.............# ..o
##................## ...
#..........!>......# .8.
##.#...............# ..o
.. ...#..........<....#
...
##...#.#...............#
.##


You could see a spriggan shaped shifter.


Message History

There is a stone staircase leading up here.
The komodo dragon misses you. "The weather's been a little too boring around here."
You hear Xom's avuncular chuckle.
The komodo dragon is charmed.
What are your orders? t - Shout!
Orders for allies: a - Attack new target. p - Attack previous target. r - Retreat! s - Stop attacking. g - Guard the area. f - Follow me.
Anything else - Cancel.
Guard this area!
You swap places.
c - a +6 ring of dexterity Your komodo dragon changes into a spriggan! 😮 HP[+1]
What are your orders? t - Shout!
Orders for allies: a - Attack new target. p - Attack previous target. r - Retreat! s - Stop attacking. g - Guard the area. f - Follow me.
Anything else - Cancel.
Guard this area!
There is a stone staircase leading up here.
You feel a little less clever now.
You climb upwards.
There is a stone staircase leading down here.
Unknown command.
You start resting. "Where it stops, nobody knows!"
Your surroundings suddenly seem different.
A centaur comes into view.
Your surroundings suddenly seem different.
An iguana and an orc come into view.
Found a stone staircase leading down.
Your surroundings suddenly seem different.
A white imp comes into view.
Your surroundings suddenly seem different. 4 orcs come into view.
Your surroundings seem slightly different.
Your surroundings suddenly seem different.
A bullfrog zombie comes into view.
Your surroundings suddenly seem different.
A wight comes into view. It is wielding a +0 falchion.
Your surroundings suddenly seem different.
The centaur moves out of view.
The orc moves out of view.
The iguana moves out of view.
The white imp moves out of view.
The orc moves out of view. x4; The bullfrog zombie moves out of view.
The wight moves out of view. 😮 HP[+5]
You regained 5 hp, and now have 21/29 hp.
Unknown command.
Unknown command.
You start resting.
A sudden malevolence fills the Dungeon...
With a horrendous wail, an alarm goes off!
A sentinel's mark forms upon you.
You hear a shout! x2
Something shouts, "Bolt, thou bumbling grave-robbed swadder!"
You hear a loud, deep croak!
You hear a shout! x5; You hear an angry hiss.
You start resting.
The centaur wields a +0 shortbow.
The centaur shoots an arrow.
The arrow hits you. 😮 HP[-4]
You take 4 damage, and now have 17/29 hp.
The centaur shoots an arrow.
The arrow hits you. 😮 HP[-1]
You take 1 damage, and now have 16/29 hp.
An ogre comes into view. It is wielding a +0 giant club.
Okay, then. 😮 HP[+1]
Found a scroll of amnesia.
Found a stone staircase leading down.
The centaur shoots an arrow.
The arrow completely misses you. "Serve the mortal, my child!"
Unknown command.
Unknown command.
Found a stone staircase leading up.
The centaur shoots an arrow.
The arrow closely misses you.
The centaur shoots an arrow.
The arrow closely misses you.
The centaur shoots an arrow.
The arrow hits you!
* * * LOW HITPOINT WARNING * * *
😨 HP[-7]
You take 7 damage, and now have 10/29 hp.
MASSIVE DAMAGE!! (PAUSE) Unknown command.
There is a stone staircase leading down here.
The centaur shoots an arrow.
The arrow barely misses you.
The centaur shoots an arrow.
The arrow barely misses you.
You climb downwards.
Your summoned ally is left behind.
You hear a shout!
Level annotation: 3 runed translucent doors, ThanksArdit's ghost, novice MiGl
There is a stone staircase leading up here.
Unknown command.
Unknown command.
You can't drink.
Okay, then.
Okay, then.
You miss the spriggan. The spriggan hits you!
You die...
Xom howls with laughter!

Skill      XL: |  1  2  3 |
---------------+----------+-----
Unarmed Combat | 3 4 |  4.0
Fighting       | |  3.0
Armour         | |  1.5
Dodging        | |  0.7

Action                   || total
-------------------------++-------
Melee: Unarmed           ||   230
Throw: Dart              ||     4
  Use: Scroll            ||     8
Armor: Leather armour    ||   133
Dodge: Dodged            ||   202

Levels and vault maps discovered:
D:1:      noname_arrival_rooms_in_the_neighbourhood, layout_basic,
          shapermc_ecumenical_altar_starsandcircs, serial_shops,
          nicolae_diamond_shop
D:2:      layout_loops_corners, serial_shops, nicolae_shop_bloodbath_and_beyond
D:3:      layout_basic, minmay_crystal_water
D:4:      layout_rooms, minitemple, uniq_natasha
D:5:      layout_basic
D:7:      layout_cave_pools, lemuel_doored_altar, marbit_many_paths,
          minmay_joined_circles
D:8:      minmay_the_grid_octo_tiled_octocenter
          [minmay_the_grid_octo_concentric, minmay_the_grid_octo_checkerflower,
          minmay_the_grid_octo_vomiting_pacman, minmay_the_grid_octo_checkered,
          minmay_the_grid_octo_prize_star, minmay_the_grid_square_5x5_three,
          minmay_the_grid_square_5x5_intrusive_squares,
          minmay_the_grid_square_5x5_trominoes,
          minmay_the_grid_square_5x5_longway], layout_cave_pools,
          grunt_temple_overflow_gold_and_silver, biasface_ghost_orc_armoury,
          serial_shops, shop
D:9:      layout_stronghold, serial_shops, nicolae_shop_behind_doors,
          nicolae_shop_statue_plus, nicolae_shop_trees, shop,
          hangedman_fish_farm, uniq_maggie

Notes
Turn   | Place    | Note
-------+----------+-------------------------------------------
     0 | D:1      | spaghetti the Mummy Chaos Knight began the quest for the
                  | Orb.
     0 | D:1      | Reached XP level 1. HP: 18/18 MP: 1/1
     0 | D:1      | magus.rc [v1.9.6]
    46 | D:1      | Found Buoz's Distillery.
   191 | D:1      | XOM: butterfly on damage
   523 | D:1      | Reached XP level 2. HP: 24/24 MP: 2/2
   526 | D:1      | Reached skill level 3 in Unarmed Combat
   675 | D:1      | Found a faded altar of an unknown god.
  1111 | D:1      | XOM is BORED!
  1343 | D:2      | Reached XP level 3. HP: 29/29 MP: 3/3
  1504 | D:2      | Found Lamm's Weapon Emporium.
  1788 | D:2      | XOM: divination: detect items
  2042 | D:2      | XOM: summons 2 hostile demons
  2219 | D:3      | XOM: 1-stop teleportation journey
  2628 | D:3      | XOM: destruction
  2693 | D:3      | Reached skill level 4 in Unarmed Combat
  2908 | D:3      | XOM: summons 2 hostile demons
  2909 | D:3      | Noticed a rust devil
  2922 | D:3      | XOM: silly message
  2925 | D:3      | XOM: blink monster(s)
  2927 | D:3      | XOM: chaos cloud
  3099 | D:2      | XOM: summons 2 hostile demons
  3100 | D:2      | Noticed an ice devil
  3102 | D:2      | XOM: butterfly on damage
  3257 | D:3      | XOM: summons 3 hostile shadow creatures
  3345 | D:4      | Noticed a black bear
  3350 | D:5      | Entered Level 5 of the Dungeon
  3435 | D:5      | XOM: fog
  3439 | D:5      | You fall into a shaft and drop 3 floors!
  3439 | D:8      | XOM: cleaving
  3445 | D:8      | Noticed a bullfrog
  3450 | D:8      | Found Qinky's Assorted Antiques.
  3459 | D:8      | Found a runed translucent gate.
  3459 | D:8      | Noticed ThanksArdit's ghost (novice MiGl)
  3459 | D:8      | Noticed an orc warrior
  3460 | D:8      | Found a runed translucent gate.
  3461 | D:8      | Found a runed translucent gate.
  3462 | D:8      | Noticed an orc warrior
  3469 | D:8      | Noticed an orc warrior
  3693 | D:9      | Noticed Maggie
  3703 | D:9      | XOM: scenery: summon butterflies
  3740 | D:8      | XOM: potion effect (brilliance)
  3757 | D:8      | Noticed a shapeshifter
  3757 | D:8      | a bullfrog changed into a shapeshifter
  3757 | D:8      | XOM: polymorph bullfrog -> shapeshifter
  3757 | D:8      | Noticed a komodo dragon
  3757 | D:8      | a shapeshifter changed into a komodo dragon
  3769 | D:8      | XOM: fog
  3771 | D:8      | XOM: enchant monster (good)
  3832 | D:7      | Noticed a centaur
  3832 | D:7      | XOM: 8-stop teleportation journey
  3839 | D:7      | Noticed an ogre
  3843 | D:7      | XOM: summons friendly white imp
  3850 | D:8      | Slain by a spriggan (shapeshifter)

Vanquished Creatures
  2 adders
  2 dart slugs
  An orc (D:3)
  3 ball pythons (D:1)
  4 bats
  5 endoplasms
  2 giant cockroaches (D:1)
  4 goblins
  A hobgoblin (D:1)
  A quokka (D:2)
  3 frilled lizards
  8 kobolds
  7 rats
43 creatures vanquished.

Vanquished Creatures (others)
  An adder (D:3)
  A hobgoblin (D:3)
2 creatures vanquished.

Grand Total: 45 creatures vanquished

Table legend:
 A = Non-vault XP
 B = Vault XP
 C = Vault XP percentage of total XP
 D = Non-vault monster count
 E = Vault monster count
 F = Vault count percentage of total count
                 A         B        C        D         E       F
            +---------+---------+-------+---------+---------+-------
      Total |      96 |       0 |   0.0 |      43 |       0 |   0.0
            +---------+---------+-------+---------+---------+-------
        D:1 |      40 |       0 |   0.0 |      24 |       0 |   0.0
        D:2 |      28 |       0 |   0.0 |       9 |       0 |   0.0
        D:3 |      28 |       0 |   0.0 |      10 |       0 |   0.0
            +---------+---------+-------+---------+---------+-------

Illustrated notes

Table legend:
 A = Kills in this place as a percentage of kills in entire the game.
 B = Kills by you in this place as a percentage of kills by you in the entire game.
 C = Kills by friends in this place as a percentage of kills by friends in the entire game.
 D = Other kills in this place as a percentage of other kills in the entire game.
 E = Experience gained in this place as a percentage of experience gained in the entire game.
 F = Experience gained in this place divided by the number of levels of this place that you have seen.
                   A       B       C       D       E      F
               +-------+-------+-------+-------+-------+----------------------
         Total | 100.0 | 100.0 |   N/A |   N/A | 100.0 |  12.0
       Dungeon | 100.0 | 100.0 |   N/A |   N/A | 100.0 |  12.0
               +-------+-------+-------+-------+-------+----------------------

Table legend: (Time is in decaauts)
 A = Elapsed time spent in this place.
 B = Non-inter-level travel time spent in this place.
 C = Inter-level travel time spent in this place.
 D = Time resting spent in this place.
 E = Time spent auto-exploring this place.
 F = Levels seen in this place.
 G = Mean time per level.
                   A        B        C        D        E       F      G
               +--------+--------+--------+--------+--------+-----+--------+
         Total |   3837 |   3792 |     45 |   1360 |   1772 |   8 |  479.6 |
       Dungeon |   3837 |   3792 |     45 |   1360 |   1772 |   8 |  479.6 |
               +--------+--------+--------+--------+--------+-----+--------+

Top non-repeatable levels by time:
     D:1: 1285 daAuts
     D:3: 1005 daAuts
     D:2: 964 daAuts
     D:9: 248 daAuts
     D:8: 96 daAuts
     D:5: 88 daAuts
     D:4: 82 daAuts
     D:7: 65 daAuts
